 Dungeon Crawl Stone Soup version 0.26.1-2-gb8aa6d0cf2 (webtiles) character file.

Game seed: 9237105378878964783

233 Chiseanne the Twirler (level 5, 0/41 HPs)
             Began as a Demonspawn Wanderer on Mar 3, 2021.
             Killed from afar by a white imp (4 damage)
             ... with a puff of frost
             ... on level 4 of the Dungeon.
             The game lasted 00:04:37 (3226 turns).

Chiseanne the Twirler (Demonspawn Wanderer)         Turns: 3226, Time: 00:04:38

Health: 0/41       AC:  6    Str: 10    XL:     5   Next: 75%
Magic:  6/6        EV: 11    Int: 22    God:
Gold:   197        SH:  0    Dex: 13    Spells: 6/6 levels left

rFire    + . .     SeeInvis .   a - +3 quarterstaff
rCold    . . .     Faith    .   (shield currently unavailable)
rNeg     . . .     Spirit   .   j - +0 ring mail
rPois    .         Reflect  .   (no helmet)
rElec    .         Harm     .   (no cloak)
rCorr    .         Rampage  .   n - +0 pair of gloves
Will     .....                  (no boots)
Stlth    +.........             (no amulet)
HPRegen  0.13/turn              g - ring of protection from fire
MPRegen  0.10/turn              (no ring)

@: no status effects
A: big brain 3
a: no special abilities


You were on level 4 of the Dungeon.
You visited 1 branch of the dungeon, and saw 4 of its levels.

You collected 197 gold pieces.

Inventory:

Hand Weapons
 a - a +3 quarterstaff (weapon)
 o - a cursed -3 whip
Missiles
 f - 7 sling bullets
 h - 22 poisoned darts (quivered)
 k - 5 boomerangs of dispersal
 w - 9 arrows
Armour
 j - a +0 ring mail (worn)
 n - a +0 pair of gloves (worn)
Jewellery
 d - a cursed amulet of faith
 g - a ring of protection from fire (left hand)
Wands
 v - a wand of flame (17)
Scrolls
 b - 3 scrolls of teleportation
 e - a scroll of identify
 t - a scroll of remove curse
Potions
 i - 3 potions of resistance
 l - 2 potions of mutation
 m - a potion of magic
 q - a potion of lignification
 u - a potion of haste
 x - a potion of brilliance


   Skills:
 * Level 3.2 Fighting
 - Level 3.6 Staves
 - Level 1.0 Throwing
 * Level 2.5 Armour
 * Level 2.8 Dodging
 - Level 1.0 Stealth
 - Level 1.0 Spellcasting
 - Level 2.1 Necromancy
 - Level 1.0 Evocations


You had 6 spell levels left.
You didn't know any spells.
Your spell library was empty.

Dungeon Overview and Level Annotations

Branches:
Dungeon (4/15)
 Temple: D:4-7

Altars:
Nemelex Xobeh
Uskayaw
Zin


Innate Abilities, Weirdness & Mutations

You have an absolutely massive brain. (Int +6, Wiz)


Message History

The orc hits you with a +0 whip.
* * * LOW HITPOINT WARNING * * *
The orc barely misses you. The orc hits you but does no damage.
Your life force feels restored.
You closely miss the orc.
The orc is severely wounded.
The orc hits you with a +0 hand axe.
* * * LOW HITPOINT WARNING * * *
The orc misses you.
You sock the orc!
You kill the orc!
The orc hits you with a +0 whip.
* * * LOW HITPOINT WARNING * * *
You sock the orc!
You kill the orc!
You hit the white imp.
The white imp is heavily wounded.
The white imp gestures at you. The puff of frost hits you.
You die...

..........##..........
......................
......................
#.....................
#........##.........
..##..)....#...#......
........#####.##......
....###5#...#.# .....
... #.@)....### ##
##....)....##
##.........#
#####....## ##.#.#
####


You could see a white imp.

Vanquished Creatures
  2 orc wizards (D:4)
  11 adders
  A worm (D:2)
  A leopard gecko (D:2)
  7 orcs
  A ball python (D:2)
  6 bats
  4 giant cockroaches
  10 goblins
  4 hobgoblins
  7 jackals
  2 quokkas
  4 frilled lizards
  3 kobolds
  7 rats
70 creatures vanquished.

Notes
Turn   | Place    | Note
-------+----------+-------------------------------------------
     0 | D:1      | Chiseanne the Demonspawn Wanderer began the quest for the
                  | Orb.
     0 | D:1      | Chiseanne set off with the following items: a +2
                  | quarterstaff, a scroll of teleportation, a potion of
                  | curing, a +0 robe
     0 | D:1      | Reached XP level 1. HP: 13/13 MP: 2/2
   325 | D:1      | Reached skill level 1 in Fighting
   509 | D:1      | Gained mutation: You have an unusually large brain. (Int
                  | +2) [demonic ancestry]
   509 | D:1      | Reached XP level 2. HP: 21/21 MP: 3/3
   540 | D:1      | Reached skill level 1 in Dodging
  1153 | D:2      | Found a sparkling altar of Nemelex Xobeh.
  1159 | D:2      | Gained mutation: You have an extremely huge brain. (Int +4)
                  | [demonic ancestry]
  1159 | D:2      | Reached XP level 3. HP: 26/26 MP: 4/4
  1190 | D:2      | Reached skill level 1 in Armour
  1689 | D:2      | Found a glowing silver altar of Zin.
  1689 | D:2      | Found a hide-covered altar of Uskayaw.
  2136 | D:3      | Gained mutation: You have an absolutely massive brain. (Int
                  | +6, Wiz) [demonic ancestry]
  2136 | D:3      | Reached XP level 4. HP: 12/33 MP: 5/5
  2622 | D:3      | Reached XP level 5. HP: 12/39 MP: 6/6
  3210 | D:4      | Noticed a phantom
  3226 | D:4      | Killed from afar by a white imp

Illustrated notes

Levels and vault maps discovered:
D:1:      lemuel_arrival_broad_hall, layout_loops_ring, hangedman_decor_push
D:2:      layout_loops_ring, gammafunk_temple_overflow_wave,
          nemelex_xobeh_ov_fountains_minmay
D:3:      layout_rooms, serial_glass, glass_columns_a, glass_columns_c,
          glass_columns_a, glass_columns_b, glass_columns_b, glass_columns_b,
          glass_columns_b, glass_columns_a, feat_on_display, feat_on_display,
          feat_on_display, wad_rectangle_vault
D:4:      layout_cave_pools, uniq_grinder, uniq_sigmund

Skill      XL: |  1  2  3  4  5 |
---------------+----------------+-----
Fighting       | 1 2 3 |  3.2
Dodging        | 1 2 |  2.8
Armour         | 1 2 |  2.5
Staves         | |  3.6
Throwing       | |  1.0
Stealth        | |  1.0
Spellcasting   | |  1.0
Necromancy     | |  2.1
Evocations     | |  1.0

Action                   |  1- 3 |  4- 6 || total
-------------------------+-------+-------++-------
Melee: Quarterstaff      |   107 |   108 ||   215
  Use: Scroll            |    10 |     5 ||    15
       Potion            |       |     2 ||     2
Armor: Ring mail         |    62 |    63 ||   125
       Robe              |     1 |       ||     1
Dodge: Dodged            |    71 |    92 ||   163
